 Dungeon Crawl Stone Soup version 0.26-a0-597-gb535b0901c (webtiles) character file.

Game seed: 5342436051272771333

107 HammerPanzer the Slasher (level 4, 0/60 HPs)
             Began as a Draconian Berserker on Aug 25, 2020.
             Was a Believer of Trog.
             Killed from afar by Sigmund (11 damage)
             ... with a puff of flame
             ... on level 3 of the Dungeon.
             The game lasted 00:03:15 (2034 turns).

HammerPanzer the Slasher (Draconian Berserker)      Turns: 2034, Time: 00:03:17

Health: 0/60       AC:  6    Str: 20    XL:     4   Next: 56%
Magic:  4/4        EV: 13    Int:  8    God:    Trog [**....]
Gold:   101        SH:  0    Dex: 10    Spells: 3/3 levels left

rFire    . . .     SeeInvis .   a - +0 falchion
rCold    . . .     Faith    .   (no shield)
rNeg     . . .     Spirit   .   (armour unavailable)
rPois    .         Reflect  .   (helmet restricted)
rElec    .         Harm     .   (no cloak)
rCorr    .                      e - +0 pair of gloves
MR       .....                  (no boots)
Stlth    ..........             (no amulet)
HPRegen  0.20/turn              (no ring)
MPRegen  0.09/turn              (no ring)

@: berserking, lethally poisoned (0 -> -20), very quick
A: unfitting armour, cold-blooded, AC +5
a: Berserk, Trog's Hand, Renounce Religion


You were on level 3 of the Dungeon.
You worshipped Trog.
Trog was pleased with you.
You visited 1 branch of the dungeon, and saw 3 of its levels.

You collected 101 gold pieces.

Inventory:

Hand Weapons
 a - a +0 falchion (weapon)
Armour
 e - a +0 pair of gloves (worn)
Jewellery
 i - an uncursed ring of protection from magic {unknown}
Scrolls
 c - 2 scrolls of enchant weapon {unknown}
 d - 5 scrolls of identify {unknown}
 g - a scroll of enchant armour {unknown}
 h - 3 scrolls of fear {unknown}
 j - 3 scrolls of teleportation {unknown}
 l - a scroll of remove curse {unknown}
 m - a scroll of noise {unknown}
 o - a scroll of amnesia {unknown}
Potions
 b - a potion of curing {unknown}
 f - 2 potions of might {unknown}
 k - 4 potions of lignification {unknown}
 n - a potion of flight {unknown}


   Skills:
 + Level 4.1 Fighting
 * Level 4.3 Long Blades
 + Level 3.3 Dodging


You had 3 spell levels left.
You didn't know any spells.
Your spell library was empty.

Dungeon Overview and Level Annotations

Branches:
Dungeon (3/15)

Altars:

Annotations:
D:3 Sigmund


Innate Abilities, Weirdness & Mutations

Your plain brown scales are hard. (AC +5)
You cannot fit into any form of body armour.
You are cold-blooded and may be slowed by cold attacks.


Message History

You are poisoned.
You closely miss the quokka.
The quokka is heavily wounded.
You feel sick. The quokka bites you. Something hits you!
* * * LOW HITPOINT WARNING * * *
You are more poisoned.
The quokka bites you but does no damage.
A red film seems to cover your vision as you go berserk!
You feel yourself moving faster!
You feel mighty!
* * * LOW HITPOINT WARNING * * *
You feel sick. The quokka barely misses you.
You riposte.
You slash the quokka!
You kill the quokka!
Trog accepts your kill.
You feel a strong urge to attack something.
* * * LOW HITPOINT WARNING * * *
You feel sick.
You hear some strange, mumbled words.
A puff of flame appears from out of thin air!
The puff of flame hits you!
You die...

...#####........#.# ####
#..........#
#..).....###
######...)...## ##
##...รท..#....## ..#
##..######..### ...#
...######...#######....#
......................"#
####.........)..@{.....#
.<...##.....#######....#
#######.....# .?# #
#.....# # . #.....# ##
#######


There were no monsters in sight!

Vanquished Creatures
  4 adders
  2 oozes
  2 dart slugs
  A leopard gecko (D:1)
  2 giant cockroaches
  6 goblins
  3 hobgoblins
  9 jackals
  5 kobolds
  3 quokkas
  A ball python (D:1)
  8 bats
  3 frilled lizards
  6 rats
55 creatures vanquished.

Notes
Turn   | Place    | Note
-------+----------+-------------------------------------------
     0 | D:1      | HammerPanzer the Draconian Berserker began the quest for
                  | the Orb.
     0 | D:1      | Reached XP level 1. HP: 19/19 MP: 1/1
   176 | D:1      | Reached XP level 2. HP: 24/26 MP: 2/2
   688 | D:1      | Reached XP level 3. HP: 31/31 MP: 3/3
  1459 | D:2      | Reached ** piety under Trog
  1459 | D:2      | Reached XP level 4. HP: 39/40 MP: 4/4
  2024 | D:3      | Noticed Sigmund
  2034 | D:3      | Killed from afar by Sigmund

Illustrated notes

Levels and vault maps discovered:
D:1:      dpeg_arrival_shrine, layout_loops_ring
D:2:      layout_rooms
D:3:      layout_rooms, uniq_sigmund, uniq_robin

Skill      XL: |  1  2  3  4 |
---------------+-------------+-----
Dodging        | 3 |  3.3
Long Blades    | 4 |  4.3
Fighting       | 4 |  4.1

Action                   |  1- 3 |  4- 6 || total
-------------------------+-------+-------++-------
Melee: Falchion          |    73 |    48 ||   121
       Tailslap          |    12 |     2 ||    14
Invok: Berserk           |     3 |     3 ||     6
 Stab: Sleeping          |     1 |       ||     1
Armor: Skin              |    21 |    16 ||    37
Dodge: Dodged            |    45 |    41 ||    86
       Rpst.: Falchion   |    10 |    13 ||    23

Table legend: (Time is in decaauts)
 A = Elapsed time spent in this place.
 B = Non-inter-level travel time spent in this place.
 C = Inter-level travel time spent in this place.
 D = Time resting spent in this place.
 E = Time spent auto-exploring this place.
 F = Levels seen in this place.
 G = Mean time per level.
                   A        B        C        D        E       F      G
               +--------+--------+--------+--------+--------+-----+--------+
         Total |   2089 |   1911 |    178 |    491 |   1031 |   3 |  696.3 |
       Dungeon |   2089 |   1911 |    178 |    491 |   1031 |   3 |  696.3 |
               +--------+--------+--------+--------+--------+-----+--------+

Top non-repeatable levels by time:
     D:1: 1068 daAuts
     D:3: 532 daAuts
     D:2: 489 daAuts
